 Dungeon Crawl Stone Soup version 0.30.1-11-g7821555f0a (webtiles) character file.

Game seed: 1320117881691060926

220 monsoonserge the Covered (level 5, 0/39 HPs)
             Began as a Demonspawn Warper on Oct 28, 2023.
             Slain by an iguana (6 damage)
             ... on level 4 of the Dungeon.
             The game lasted 00:08:40 (3725 turns).

monsoonserge the Covered (Demonspawn Warper)        Turns: 3725, Time: 00:08:40

Health: 0/39       AC:  7    Str: 12    XL:     5   Next: 64%
Magic:  0/8        EV: 10    Int: 16    God:
Gold:   158        SH:  0    Dex: 12    Spells: 6/8 levels left

rFire   . . .        x - +2 dagger (flame)
rCold   . . .        (no shield)
rNeg    . . .        s - +0 ring mail
rPois   .            (helmet restricted)
rElec   .            (no cloak)
rCorr   .            (no gloves)
SInv    .            u - +0 pair of boots
Will    .....        l - amulet of guardian spirit
Stlth   +            (no ring)
HPRegen 0.26/turn    (no ring)
MPRegen 0.11/turn

%: guardian spirit
@: no status effects
A: antennae 1, claws 1, hooves 1
a: no special abilities


You were on level 4 of the Dungeon.
You visited 1 branch of the dungeon, and saw 4 of its levels.

You collected 158 gold pieces.

Inventory:

Hand Weapons
 x - a +2 dagger of flaming (weapon)
Missiles
 d - 7 boomerangs of dispersal
 j - 3 poisoned darts
 v - 2 javelins (quivered)
 w - a throwing net
Armour
 b - a +0 leather armour
 f - a +0 scale mail
 s - a +0 ring mail (worn)
 u - a +0 pair of boots (worn)
Jewellery
 l - an amulet of guardian spirit (around neck)
 p - an amulet of the acrobat
Scrolls
 a - a scroll of torment {unknown}
 c - 2 scrolls of blinking
 g - 2 scrolls of fog {unknown}
 h - a scroll of amnesia {unknown}
 i - a scroll of poison {unknown}
 k - a scroll of teleportation {unknown}
 n - 3 scrolls of identify {unknown}
 o - 2 scrolls of enchant armour {unknown}
 q - a scroll of vulnerability {unknown}
 y - a scroll of brand weapon {unknown}
Potions
 e - a potion of curing
 m - 2 potions of attraction {unknown}
 r - 2 potions of heal wounds {unknown}
 t - a potion of degeneration {unknown}


   Skills:
 + Level 2.7 Fighting
 - Level 2.1 Long Blades
 + Level 0.8 Throwing
 * Level 3.7 Armour
 - Level 2.0 Dodging
 * Level 1.4 Unarmed Combat
 - Level 2.0 Spellcasting
 * Level 3.3 Translocations


You had 6 spell levels left.
You knew the following spells:

 Your Spells              Type           Power      Damage    Failure   Level
a - Blink                 Tloc           24%        N/A       17%         2

Your spell library contained the following spells:

 Spells                   Type           Power      Damage    Failure   Level
 Lesser Beckoning         Tloc           24%        N/A       17%         2
 Teleport Other           Tloc           12%        N/A       32%         3
 Vhi's Electric Charge    Tloc/Air       12%        N/A       54%         3
 Manifold Assault         Tloc           12%        N/A       73%         4
 Ozocubu's Armour         Ice            1%         N/A       78%         3
 Ozocubu's Refrigeration  Ice            0%         4d7       100%        7


Dungeon Overview and Level Annotations

Branches:
Dungeon (4/15)
 Temple: D:4-7

Altars:
Kikubaaqudgha


Innate Abilities, Weirdness & Mutations

You have a pair of small antennae on your head.
You have sharp fingernails.
You have large cloven feet.


Message History

An iguana comes into view.
The iguana hisses angrily.
You see here a scroll labelled COOWKE DAIWYAP.
g - 2 scrolls labelled COOWKE DAIWYAP (gained 1)
You hit the iguana but do no damage. The iguana bites you.
You barely miss the iguana. The iguana bites you!
You hit the iguana. You burn the iguana.
The iguana is lightly wounded.
The iguana bites you.
You hit the iguana. You burn the iguana.
The iguana is moderately wounded.
The iguana bites you.
You hit the iguana. You burn the iguana.
The iguana is severely wounded.
The iguana bites you.
You hit the iguana. You burn the iguana.
The iguana is severely wounded.
The iguana barely misses you.
You closely miss the iguana.
The iguana is severely wounded.
The iguana bites you but does no damage.
You hit the iguana. You burn the iguana.
The iguana is almost dead.
The iguana bites you.
You barely miss the iguana.
The iguana is almost dead.
The iguana bites you!
* * * LOW HITPOINT WARNING * * *
You closely miss the iguana.
The iguana is almost dead.
The iguana bites you.
* * * LOW HITPOINT WARNING * * *
Casting: Blink (safe; 17% risk of failure)
Confirm with . or Enter, or press ? or * to list all spells.
You don't have enough magic to cast this spell.
Unknown command.
You hit the iguana but do no damage. You claw the iguana, but do no damage.
The iguana is almost dead.
The iguana bites you!
You die...

......#.#...........#
.)....##............#
##....##............#
#<....#.............
#.........#......####
##.......##.......#.##
##.####.............#..
#.# ##...............
### ######..@l......
#...........
##..........
###........ ###....##
.#..# ...## ...#


You could see an iguana.

Vanquished Creatures
  A vampire bat (D:3)
  A jelly (D:3)
  A white imp (D:4)
  A worm (D:2)
  A dart slug (D:3)
  3 fire bats (D:3)
  An orc (D:4)
  2 spectral bats (D:3)
  13 bats
  3 bat skeletons (D:3)
  A bat zombie (D:3)
  2 endoplasms
  3 giant cockroaches (D:1)
  7 goblins
  7 hobgoblins
  3 jackals (D:1)
  5 kobolds
  A quokka (D:2)
  6 ball pythons
  A bat simulacrum (D:3)
  3 frilled lizards
  3 rats
69 creatures vanquished.

Notes
Turn   | Place    | Note
-------+----------+-------------------------------------------
     0 | D:1      | monsoonserge the Demonspawn Warper began the quest for the
                  | Orb.
     0 | D:1      | Reached XP level 1. HP: 16/16 MP: 3/3
    87 | D:1      | Discovered your monstrous ancestry.
    87 | D:1      | Gained mutation: You have a pair of small antennae on your
                  | head. [demonic ancestry]
    87 | D:1      | Reached XP level 2. HP: 20/22 MP: 5/5
   175 | D:1      | Learned a level 2 spell: Blink
   198 | D:1      | Found a faded altar of an unknown god.
   238 | D:1      | Reached skill level 1 in Armour
  1387 | D:2      | Gained mutation: You have sharp fingernails. [demonic
                  | ancestry]
  1387 | D:2      | Reached XP level 3. HP: 28/28 MP: 6/6
  2829 | D:3      | Found an ancient bone altar of Kikubaaqudgha.
  2980 | D:3      | Reached XP level 4. HP: 33/34 MP: 7/7
  2986 | D:3      | Reached skill level 1 in Unarmed Combat
  3073 | D:3      | Gained mutation: You have large cloven feet. [demonic
                  | ancestry]
  3073 | D:3      | Reached XP level 5. HP: 33/39 MP: 8/8
  3725 | D:4      | Slain by an iguana

Illustrated notes

Levels and vault maps discovered:
D:1:      heliophobic_arrival_battle_scene, layout_loops_corners,
          dreamdust_ecumenical_altar_hidden_monk_grotto, st_stairs_8
D:2:      layout_basic, minmay_pentomino_p4
D:3:      layout_loops_ring, mainiacjoe_overflow_cross_hatched, goddamned_bats
D:4:      layout_cave_pools, mainiacjoe_overflow_surrounded_room

Skill      XL: |  1  2  3  4 |
---------------+-------------+-----
Long Blades    | 2 |  2.1
Armour         | 1 2 3 |  3.7
Translocations | 3 |  3.3
Dodging        | 2 |  2.0
Unarmed Combat | 1 |  1.4
Fighting       | |  2.7
Throwing       | |  0.8
Spellcasting   | |  2.0

Action                     |  1- 3 |  4- 6 || total
---------------------------+-------+-------++-------
  Melee: Falchion          |    41 |       ||    41
         Dagger            |   123 |   117 ||   240
         Punch             |     1 |     2 ||     3
  Throw: Javelin           |       |     1 ||     1
   Cast: Blink             |       |     2 ||     2
    Use: Potion            |       |     1 ||     1
 Armour: Leather armour    |     5 |       ||     5
         Scale mail        |    24 |       ||    24
         Ring mail         |    57 |    92 ||   149
  Dodge: Dodged            |    95 |   111 ||   206
